 Dungeon Crawl Stone Soup version 0.26.1-11-gd32895ea62 (webtiles) character file.

Game seed: 341913110405187587

403 Amplified the Magician (level 6, -4/48 HPs)
             Began as a Mummy Warper on May 31, 2021.
             Killed from afar by an orc wizard (7 damage)
             ... with a magic dart
             ... on level 4 of the Dungeon.
             The game lasted 00:05:53 (4127 turns).

Amplified the Magician (Mummy Warper)               Turns: 4127, Time: 00:05:53

Health: -4/48      AC:  5    Str: 14    XL:     6   Next: 55%
Magic:  23/23      EV: 10    Int: 15    God:
Gold:   253        SH:  0    Dex: 11    Spells: 10/15 levels left

rFire    x . .     SeeInvis .   e - +0 short sword (elec)
rCold    + + .     Faith    .   (no shield)
rNeg     + + +     Spirit   .   f - +0 ring mail {rC+}
rPois    ∞         Reflect  .   (no helmet)
rElec    .         Harm     .   (no cloak)
rCorr    .         Rampage  .   (no gloves)
Will     .....                  (no boots)
Stlth    ++........             (no amulet)
HPRegen  0.16/turn              b - ring of stealth
MPRegen  0.18/turn              j - ring of magical power

@: no status effects
A: no potions, fire vulnerability, cold resistance 1, negative energy resistance
3, torment resistance, unbreathing
a: no special abilities


You were on level 4 of the Dungeon.
You visited 1 branch of the dungeon, and saw 4 of its levels.

You collected 253 gold pieces.

Inventory:

Hand Weapons
 a - a +0 mace
 d - a +2 short sword of speed
 e - a +0 short sword of electrocution (weapon)
Missiles
 i - 4 poisoned darts (quivered)
Armour
 f - a +0 ring mail of cold resistance (worn)
Jewellery
 b - a ring of stealth (left hand)
 g - an uncursed ring of stealth
 j - a ring of magical power (right hand)
Scrolls
 c - 3 scrolls of immolation
 h - a scroll of identify


   Skills:
 * Level 4.3 Fighting
 * Level 2.7 Short Blades
 - Level 1.9 Maces & Flails
 - Level 0.7 Throwing
 - Level 0.7 Armour
 - Level 1.5 Dodging
 * Level 5.4 Spellcasting
 - Level 2.4 Translocations


You had 10 spell levels left.
You knew the following spells:

 Your Spells              Type           Power        Failure   Level
a - Blink                 Tloc           N/A          19%         2
b - Gell's Gravitas       Tloc           5%           34%         3

Your spell library contained the following spells:

 Spells                   Type           Power        Failure   Level
 Lesser Beckoning         Tloc           5%           34%         3
 Teleport Other           Tloc           11%          34%         3
 Passage of Golubria      Tloc           N/A          75%         4


Dungeon Overview and Level Annotations

Branches:
Dungeon (4/15)
 Temple: D:4-7

Altars:

Annotations:
D:4 Ijyb


Innate Abilities, Weirdness & Mutations

You do not drink.
Your flesh is vulnerable to fire.
You are immune to poison.
Your flesh is cold resistant. (rC+)
You are immune to negative energy. (rN+++)
You are immune to unholy pain and torment.
You can survive without breathing.


Message History

You see here a poisoned dart.
The iguana hisses menacingly.
Found 21 bolts.
An orc comes into view. It is wielding a +0 club.
An orc wizard comes into view. It is wielding a +0 dagger.
The orc wizard shouts!
The orc wizard points at you and mumbles some strange words.
The magic dart hits you.
* * * LOW HITPOINT WARNING * * *
The orc shouts!
A worker ant comes into view.
The orc wizard points at you and mumbles some strange words.
The magic dart hits you!
* * * LOW HITPOINT WARNING * * *
An orc comes into view. It is wielding a +0 club.
The iguana hisses menacingly.
There is a stone staircase leading up here.
The orc wizard casts a spell at you. The magic dart hits you!
You die...

##...#.....# #.........# ###
#.........# ...# #.........#
....##..(.#...##
#(...#........####
.................#
...##..###....l..##
##.###....##@.#
##...#.....#...###
...#...l##......###.# ###
.o.B....#....B...#..#####...##
..oo.....o...#..........#.....
...##......#..#................
... #......#..#...............
.# ..
...................!..###.#..g
...#.###.....).......)###.#.#.#


You could see an iguana, a worker ant and an orc wizard.

Vanquished Creatures
  An ogre (D:4)
  2 jellies (D:2)
  An orc wizard (D:3)
  An orc priest (D:3)
  A bullfrog skeleton (D:4)
  4 adders
  8 oozes (D:2)
  An adder skeleton (D:4)
  2 worms
  3 dart slugs
  A leopard gecko (D:1)
  4 orcs
  8 bats
  3 giant cockroaches (D:2)
  11 goblins
  8 hobgoblins
  4 jackals
  A quokka (D:2)
  4 ball pythons
  5 frilled lizards
  17 kobolds
  5 rats
95 creatures vanquished.

Vanquished Creatures (others)
  5 fungi (D:2)
  7 toadstools (D:2)
12 creatures vanquished.

Grand Total: 107 creatures vanquished

Notes
Turn   | Place    | Note
-------+----------+-------------------------------------------
     0 | D:1      | Amplified the Mummy Warper began the quest for the Orb.
     0 | D:1      | Reached XP level 1. HP: 16/16 MP: 4/4
   369 | D:2      | Reached skill level 3 in Spellcasting
   369 | D:2      | Reached XP level 2. HP: 21/22 MP: 6/6
  1285 | D:1      | Reached XP level 3. HP: 25/28 MP: 7/7
  1653 | D:2      | Reached skill level 1 in Short Blades
  1986 | D:3      | Reached XP level 4. HP: 34/34 MP: 9/9
  2237 | D:4      | Reached skill level 4 in Spellcasting
  2430 | D:4      | Noticed an ogre
  2430 | D:4      | Noticed Ijyb
  2945 | D:2      | Reached XP level 5. HP: 40/41 MP: 11/11
  3374 | D:3      | Reached XP level 6. HP: 48/48 MP: 13/13
  3377 | D:3      | Learned a level 2 spell: Blink
  3403 | D:3      | Reached skill level 5 in Spellcasting
  3864 | D:3      | Learned a level 3 spell: Gell's Gravitas
  4117 | D:4      | HP: 1/48 [orc wizard/magic dart (8)]
  4127 | D:4      | Killed from afar by an orc wizard

Illustrated notes

Levels and vault maps discovered:
D:1:      erik_arrival_cave_to_civilisation [erik_arrival_cave_to_hall],
          layout_basic
D:2:      cheibrodos_fertilizer, layout_rooms
D:3:      layout_basic, minmay_misc_feat_x
D:4:      layout_cave_pools, dancing_weapons_uskayaw,
          minmay_temple_entry_arrows, minmay_misc_feat_rows, uniq_sigmund,
          uniq_grinder, uniq_eustachio, uniq_menkaure, uniq_ijyb

Skill      XL: |  1  2  3  4  5  6 |
---------------+-------------------+-----
Spellcasting   | 3 4 5 |  5.4
Short Blades   | 1 2 |  2.7
Fighting       | 3 4 |  4.3
Maces & Flails | |  1.9
Throwing       | |  0.7
Armour         | |  0.7
Dodging        | |  1.5
Translocations | |  2.4

Action                   |  1- 3 |  4- 6 || total
-------------------------+-------+-------++-------
Melee: Mace              |    23 |       ||    23
       Short sword       |   115 |   169 ||   284
Throw: Boomerang         |     5 |       ||     5
       Dart              |       |     7 ||     7
 Cast: Blink             |       |     6 ||     6
  Use: Scroll            |     5 |     4 ||     9
 Stab: Distracted        |       |     1 ||     1
Armor: Leather armour    |    41 |    30 ||    71
       Ring mail         |       |    25 ||    25
Dodge: Dodged            |    88 |   113 ||   201
